 Dungeon Crawl Stone Soup version 0.31-a0-152-g6aa68a64a1 (webtiles) character file.

Game seed: 11677574594859286126

1446 qw the Skirmisher (level 8, -4/71 HPs)
             Began as a Minotaur Hunter on June 10, 2023.
             Engulfed by a steam dragon's steam (7 damage)
             ... on level 6 of the Dungeon.
             The game lasted 00:01:53 (4455 turns).

qw the Skirmisher (Minotaur Hunter)                 Turns: 4455, Time: 00:01:53

Health: -4/71      AC:  5    Str: 17    XL:     8   Next: 46%
Magic:  7/7        EV: 12    Int:  6    God:
Gold:   468        SH:  0    Dex: 15    Spells: 7/7 levels left

rFire   . . .        Y - +0 shortbow (flame)
rCold   . . .        (shield currently unavailable)
rNeg    . . .        b - +0 ring mail
rPois   +            (helmet restricted)
rElec   .            (no cloak)
rCorr   .            (no gloves)
SInv    .            (no boots)
Will    .....        (no amulet)
Stlth   +            d - ring of poison resistance
HPRegen 0.31/turn    (no ring)
MPRegen 0.10/turn

%: no passive effects
@: about to teleport
A: horns 2, retaliatory headbutt
a: no special abilities


You were on level 6 of the Dungeon.
You visited 2 branches of the dungeon, and saw 7 of its levels.

You collected 468 gold pieces.


Innate Abilities, Weirdness & Mutations

You have a pair of horns on your head.
You reflexively headbutt those who attack you in melee.


   Skills:
 + Level 6.7 Fighting
 - Level 10.1 Ranged Weapons
 - Level 3.6 Armour
 - Level 3.0 Dodging
 - Level 0.7 Stealth


You had 7 spell levels left.
You didn't know any spells.
Your spell library was empty.

Inventory:

Hand Weapons
 Y - a +0 shortbow of flaming (weapon)
Armour
 b - a +0 ring mail (worn)
 c - a +0 pair of boots
 e - a +0 pair of gloves
Jewellery
 d - a ring of poison resistance (left hand)
Scrolls
 g - a scroll of identify
 h - a scroll of noise {unknown}
 l - a scroll of enchant armour
Potions
 f - 2 potions of curing
 i - a potion of might {unknown}
 j - a potion of mutation {unknown}
 k - a potion of haste {unknown}
 m - a potion of cancellation {unknown}
 n - a potion of heal wounds {unknown}

Dungeon Overview and Level Annotations

Branches:
Dungeon (6/15)             Temple (1/1) D:5

Altars:
Ashenzari
Cheibriados
Dithmenos
Elyvilon
Gozag
Hepliaklqana
Makhleb
Nemelex Xobeh
Sif Muna
Trog
Uskayaw
Vehumet
Xom
Yredelemnul
Zin
The Shining One

Shops:
D:4 *

Annotations:
D:4 1 runed translucent door, Crazy Yiuf
D:5 2 runed translucent doors, qw's ghost, novice MiHu


Message History

You shoot an arrow.
The arrow hits the steam dragon but does no damage.
You are engulfed in a cloud of scalding steam.
The steam dragon barely misses you. You furiously retaliate!
You headbutt the steam dragon!
The steam dragon claws you but does no damage.
You shoot an arrow.
The arrow hits the steam dragon but does no damage.
The steam dragon is moderately wounded.
The steam dragon misses you. You furiously retaliate!
You headbutt the steam dragon. The steam dragon claws you.
You shoot an arrow.
The arrow closely misses the steam dragon.
You are engulfed in a cloud of scalding steam.
The steam dragon bites you. The steam dragon claws you.
You shoot an arrow.
The arrow closely misses the steam dragon.
You shoot an arrow.
The arrow closely misses the steam dragon.
The steam dragon barely misses you. You furiously retaliate!
You headbutt the steam dragon.
The steam dragon claws you but does no damage.
You shoot an arrow.
The arrow barely misses the steam dragon.
The steam dragon breathes steam at you. The ball of steam hits you!
4453 ||| READING scroll of teleportation.
As you read the scroll of teleportation, it crumbles to dust.
You feel strangely unstable.
You are engulfed in a cloud of scalding steam.
The steam dragon bites you. The steam dragon barely misses you.
You shoot an arrow.
The arrow closely misses the steam dragon.
You are engulfed in a cloud of scalding steam.
The steam dragon misses you. The steam dragon barely misses you.
You shoot an arrow. The arrow hits the steam dragon.
The arrow burns the steam dragon.
The steam dragon is severely wounded.
You are engulfed in a cloud of scalding steam.
You die...

.....#.#...##.####
#)####.......
.....#.###.......#
#..)..##..... .....#
#....##.# #####.##.....
.....# #....##.#
#.##.....
.....#.###....##.#
#.####.#.
.......##......#.# ..#
#.#. .########......#.#
### #(#.
........#......#.# ..#.
........#......#@########
....
....%...#...[..#.D.......
.....
#...#####......##########
..... ###.# #......# #.##
#......# ###..########
....).......#
####..#####.# ##...###.#


You could see a steam dragon.

Vanquished Creatures
  Grinder (D:3)
  A sky beast (D:5)
  An ice beast (D:3)
  An ogre (D:5)
  2 phantoms (D:5)
  2 bullfrogs (D:6)
  4 scorpions
  A howler monkey (D:5)
  A jelly (D:4)
  An iguana (D:5)
  Natasha (twice) (D:3)
  Ijyb (D:4)
  9 gnolls
  8 adders
  2 shadow imps (D:6)
  2 white imps (D:5)
  A worm (D:4)
  3 dart slugs
  12 orcs
  7 endoplasms
  9 goblins
  7 hobgoblins
  6 jackals (D:1)
  A quokka (D:3)
  4 ball pythons
  5 bats
  6 frilled lizards
  9 kobolds
  8 rats
117 creatures vanquished.

Notes
Turn   | Place    | Note
-------+----------+-------------------------------------------
     0 | D:1      | qw the Minotaur Hunter began the quest for the Orb.
     0 | D:1      | Reached XP level 1. HP: 18/18 MP: 0/0
     0 | D:1      | 0 ||| qw: Version: 0.2-a-122-gbc61b45
     0 | D:1      | 0 ||| qw: Game counter: 3659
     0 | D:1      | 0 ||| qw: Always use a shield: true
     0 | D:1      | 0 ||| qw: God list: Okawaru
     0 | D:1      | 0 ||| qw: Allow faded altars: false
     0 | D:1      | 0 ||| qw: Do Orc after D:15 true
     0 | D:1      | 0 ||| qw: Do second Lair branch before Depths: true
     0 | D:1      | 0 ||| qw: Lair rune preference: random
     0 | D:1      | 0 ||| qw: Plans: Normal
     0 | D:1      | 0 ||| PLANNING D:1-11
    73 | D:1      | Reached XP level 2. HP: 25/25 MP: 1/1
    93 | D:1      | Reached skill level 5 in Ranged Weapons
   321 | D:1      | Reached skill level 3 in Fighting
   321 | D:1      | 321 ||| FLEEEEING.
   322 | D:1      | 322 ||| FLEEEEING.
   323 | D:1      | 323 ||| FLEEEEING.
   324 | D:1      | 324 ||| FLEEEEING.
   325 | D:1      | 325 ||| FLEEEEING.
   326 | D:1      | 326 ||| FLEEEEING.
   327 | D:1      | 327 ||| FLEEEEING.
   328 | D:1      | 328 ||| FLEEEEING.
   329 | D:1      | 329 ||| FLEEEEING.
   330 | D:1      | 330 ||| FLEEEEING.
   331 | D:1      | 331 ||| FLEEEEING.
   332 | D:1      | 332 ||| FLEEEEING.
   333 | D:1      | 333 ||| FLEEEEING.
   335 | D:1      | 335 ||| FLEEEEING.
   336 | D:1      | 336 ||| FLEEEEING.
   338 | D:1      | 338 ||| FLEEEEING.
   339 | D:1      | 339 ||| FLEEEEING.
   347 | D:1      | Reached XP level 3. HP: 15/31 MP: 2/2
   429 | D:1      | 429 ||| FLEEEEING.
   982 | D:1      | 982 ||| UPGRADING to ring of poison resistance.
   983 | D:1      | 983 ||| READING scroll labelled XUPENA ZEFROI.
   984 | D:1      | 984 ||| READING 2 scrolls labelled ICEMIU POULI.
   985 | D:1      | 985 ||| DRINKING 2 orange potions.
   986 | D:1      | 986 ||| DROPPING scroll of butterflies.
  1073 | D:2      | Reached XP level 4. HP: 38/38 MP: 3/3
  1113 | D:2      | Reached skill level 6 in Ranged Weapons
  1210 | D:2      | 1210 ||| Stepping ~*~*~tactically~*~*~ (outnumbered).
  1285 | D:2      | Found a glowing golden altar of the Shining One.
  1380 | D:2      | 1380 ||| UPGRADING to +0 ring mail.
  1390 | D:2      | 1390 ||| DROPPING +0 leather armour.
  1391 | D:2      | 1391 ||| READING scroll labelled ANA PALUUKHLOWK.
  1463 | D:3      | Noticed an ice beast
  1467 | D:3      | HP: 5/38 [ice beast (13)]
  1470 | D:3      | Killed an ice beast
  1471 | D:3      | Reached skill level 3 in Armour
  1471 | D:3      | Reached XP level 5. HP: 7/45 MP: 4/4
  1616 | D:3      | Noticed Grinder
  1631 | D:3      | Killed Grinder
  1632 | D:3      | Reached skill level 6 in Fighting
  1632 | D:3      | Reached XP level 6. HP: 57/57 MP: 5/5
  1826 | D:3      | Noticed Natasha
  1829 | D:3      | Killed Natasha
  1854 | D:3      | Noticed Natasha
  1859 | D:3      | Killed Natasha
  1933 | D:3      | Found a snail-covered altar of Cheibriados.
  2394 | D:3      | 2394 ||| READING scroll labelled LISUODI LE WUDGH.
  2395 | D:3      | 2395 ||| READING 2 scrolls labelled OQULEA KIMUMA.
  2396 | D:3      | 2396 ||| DROPPING scroll of vulnerability.
  2452 | D:4      | Reached skill level 7 in Ranged Weapons
  2452 | D:4      | Reached XP level 7. HP: 47/63 MP: 6/6
  2519 | D:4      | Found Zaog's Gadget Gallery.
  2603 | D:4      | Noticed Ijyb
  2608 | D:4      | Killed Ijyb
  2700 | D:4      | Found a runed translucent door.
  2701 | D:4      | Noticed Crazy Yiuf
  2989 | D:4      | 2989 ||| READING scroll labelled MATHRY RINT.
  2990 | D:4      | 2990 ||| DRINKING 2 lumpy dark potions.
  2991 | D:4      | 2991 ||| READING 2 scrolls of identify.
  2991 | D:4      | 2991 ||| IDENTIFYING dark potion
  2992 | D:4      | 2992 ||| DROPPING potion of invisibility.
  2993 | D:4      | 2993 ||| DROPPING potion of magic.
  3026 | D:5      | Entered Level 5 of the Dungeon
  3212 | D:5      | Reached skill level 8 in Ranged Weapons
  3393 | D:5      | Reached skill level 9 in Ranged Weapons
  3463 | D:5      | Reached skill level 3 in Dodging
  3463 | D:5      | Reached XP level 8. HP: 70/70 MP: 7/7
  3516 | D:5      | Found a staircase to the Ecumenical Temple.
  3517 | D:5      | 3517 ||| PLANNING TEMPLE
  3517 | D:5      | 3517 ||| DROPPING amulet of magic regeneration.
  3518 | D:5      | 3518 ||| READING 2 scrolls labelled ZUMEFE SAEC.
  3519 | D:5      | 3519 ||| READING scroll labelled CUAHEXK TIOL.
  3524 | D:5      | 3524 ||| DRINKING 3 glowing white potions.
  3525 | D:5      | 3525 ||| READING 3 scrolls of identify.
  3525 | D:5      | 3525 ||| IDENTIFYING amethyst potion
  3526 | D:5      | 3526 ||| READING 2 scrolls of identify.
  3526 | D:5      | 3526 ||| IDENTIFYING red potion
  3527 | D:5      | 3527 ||| DROPPING scroll of immolation.
  3528 | D:5      | 3528 ||| DROPPING potion of lignification.
  3529 | D:5      | 3529 ||| DROPPING potion of degeneration.
  3530 | D:5      | 3530 ||| DROPPING 2 potions of brilliance.
  3589 | Temple   | Entered the Ecumenical Temple
  3707 | Temple   | 3707 ||| PLANNING D:1-11
  3868 | D:5      | Found a large runed translucent door.
  3868 | D:5      | Found a large runed translucent door.
  3872 | D:5      | Noticed qw's ghost (novice MiHu)
  3879 | D:5      | 3879 ||| READING scroll labelled CYROAWN REIFEM.
  3996 | D:6      | 3996 ||| FLEEEEING.
  3998 | D:6      | 3998 ||| STAIRDANCE
  4109 | D:6      | Reached skill level 10 in Ranged Weapons
  4202 | D:6      | Identified the +1 trident of Dishonesty {drain, rN++ Int+6}
  4257 | D:6      | 4257 ||| FLEEEEING.
  4440 | D:6      | 4440 ||| Stepping ~*~*~tactically~*~*~ (cloud).
  4452 | D:6      | HP: 8/71 [steam dragon/ball of steam (17)]
  4453 | D:6      | 4453 ||| READING scroll of teleportation.
  4453 | D:6      | HP: 3/71 [steam dragon (1)]
  4455 | D:6      | Engulfed by a steam dragon's steam

Levels and vault maps discovered:
D:1:      sevenhm_arrival_forest_fort_small_6, layout_basic,
          corexii_corridor_pit
D:2:      layout_rooms, basic_altar
D:3:      layout_basic, cheibriados_altar_1, uniq_grinder, uniq_natasha
D:4:      layout_basic, minivault_27, nicolae_shop_gadgets, uniq_ijyb,
          uniq_crazy_yiuf_cottage
D:5:      layout_loops_ring, temple_hall, ebering_ghost_disaster_area
D:6:      layout_basic, uniq_maggie
Temple:   nicolae_temple_bog_church

Skill      XL: |  1  2  3  4  5  6  7  8 |
---------------+-------------------------+-----
Ranged Weapons | 5 6 7 9 10 | 10.1
Fighting       | 3 6 |  6.7
Armour         | 3 |  3.6
Dodging        | 3 |  3.0
Stealth        | |  0.7

Action                     |  1- 3 |  4- 6 |  7- 9 || total
---------------------------+-------+-------+-------++-------
   Fire: Shortbow          |    90 |   116 |   203 ||   409
    Use: Scroll            |     2 |     3 |     8 ||    13
         Potion            |     1 |       |     2 ||     3
 Armour: Leather armour    |     4 |     2 |       ||     6
         Ring mail         |       |    11 |    25 ||    36
  Dodge: Dodged            |    22 |    32 |    52 ||   106

Table legend:
 A = Non-vault XP
 B = Vault XP
 C = Vault XP percentage of total XP
 D = Non-vault monster count
 E = Vault monster count
 F = Vault count percentage of total count
                 A         B        C        D         E       F
            +---------+---------+-------+---------+---------+-------
      Total |    1709 |     358 |  17.3 |     114 |       3 |   2.6
            +---------+---------+-------+---------+---------+-------
        D:1 |      85 |       0 |   0.0 |      34 |       0 |   0.0
        D:2 |      52 |       0 |   0.0 |      17 |       0 |   0.0
        D:3 |     212 |     325 |  60.5 |      18 |       2 |  10.0
        D:4 |     212 |      33 |  13.5 |      20 |       1 |   4.8
        D:5 |     871 |       0 |   0.0 |      15 |       0 |   0.0
        D:6 |     277 |       0 |   0.0 |      10 |       0 |   0.0
            +---------+---------+-------+---------+---------+-------
